 Dungeon Crawl Stone Soup version 0.32-a0-19-g28bc0835a1 (webtiles) character file.

Game seed: 9800406512337045010

84290 Morbidden the Brawler (level 15, -2/135 (145) HPs)
             Began as a Troll Berserker on Jan 17, 2024.
             Was a High Priest of Trog.
             Slain by a skeletal warrior
             ... wielding a +0 war axe
              (12 damage)
             ... on level 13 of the Dungeon.
             The game lasted 00:30:37 (20654 turns).

Morbidden the Brawler (Troll Berserker)            Turns: 20654, Time: 00:30:38

HP:   -2/135 (145)  AC:  9    Str: 41    XL:     15   Next: 34%
MP:   0/14          EV: 12    Int:  8    God:    Trog [*****.]
Gold: 761           SH:  0    Dex:  9    Spells: 14/14 levels left

rFire   . .          .
                       - Unarmed
rCold   . . .        (no shield)
rNeg    . . .        W - +0 troll leather armour
rPois   .            (helmet currently unavailable)
rElec   .            (cloak currently unavailable)
rCorr   .            (gloves unavailable)
SInv    .            (boots unavailable)
Will    +....        T - amulet of guardian spirit
Stlth   ++           m - ring "Xuephidd" {Str+6 Int+5}
HPRegen 2.02/turn    u - +4 ring of protection
MPRegen 0.14/turn

%: guardian spirit
@: beast-form, on berserk cooldown, studying Evocations, drained
A: beast (slay +4), large, unfitting armour, claws 3, regeneration 1, shaggy fur
1, tough skin 1
a: Begin Untransformation, Renounce Religion, Berserk, Trog's Hand, Brothers in
Arms


You were on level 13 of the Dungeon.
You worshipped Trog.
Trog was extremely pleased with you.
You were a hulking beast.
You visited 4 branches of the dungeon, and saw 20 of its levels.
You also visited: Bailey and Gauntlet.

You collected 1955 gold pieces.
You spent 1194 gold pieces at shops.

Inventory:

Hand Weapons
 d - a +4 orcbow of draining
 P - a +2 scimitar of flaming
Missiles
 f - 2 throwing nets
 g - 92 stones (quivered)
 j - 21 poisoned darts
 D - 26 boomerangs
 G - 7 large rocks
 L - 5 silver javelins
Armour
 a - the +1 cloak of the Other Side {SInv}
   (You bought it in a shop on level 5 of the Dungeon)

   SInv:      It lets you see invisible.
 W - a +0 troll leather armour (worn)
 X - a +2 hat of stealth
Jewellery
 m - the ring "Xuephidd" (left claw) {Str+6 Int+5}
   (You found it in a Gauntlet)

   [ring of strength]

   Str+6:     It affects your strength (+6).
   Int+5:     It affects your intelligence (+5).
 u - a +4 ring of protection (right claw)
 w - the ring of Duahasun {Will+ Str+3}
   (You found it in a Gauntlet)

   [ring of willpower]

   Str+3:     It affects your strength (+3).
   Will+:     It increases your willpower.
 y - a ring of see invisible
 J - a ring of positive energy
 K - a ring of fire
 M - a ring of ice
 O - a ring of protection from cold
 T - an amulet of guardian spirit (around neck)
Talismans
 e - a beast talisman (active)
 H - a serpent talisman
 I - a granite talisman
Wands
 B - a wand of flame (29)
 N - a wand of mindburst (11)
 S - a wand of iceblast (20)
 U - a wand of digging (16)
 Y - a wand of acid (5)
Scrolls
 c - 7 scrolls of teleportation
 h - 2 scrolls of enchant weapon
 o - 2 scrolls of fear
 q - 6 scrolls of fog
 s - 4 scrolls of blinking
 v - 3 scrolls of enchant armour
 x - a scroll of summoning
 Q - 6 scrolls of identify
Potions
 b - 2 potions of cancellation
 i - 2 potions of lignification
 k - 3 potions of magic
 l - 4 potions of attraction
 n - 2 potions of haste
 p - a potion of resistance
 r - 8 potions of curing
 z - a potion of berserk rage
 C - 5 potions of brilliance
 E - 3 potions of heal wounds
 F - a potion of might
 R - 2 potions of enlightenment {unknown}
 V - 2 potions of mutation
 Z - 5 potions of ambrosia
Miscellaneous
 t - a phantom mirror
 A - a sack of spiders (inert)


   Skills:
 * Level 8.8 Fighting
 * Level 8.4 Throwing
 + Level 5.2 Armour
 + Level 8.6 Dodging
 + Level 3.4 Stealth
 + Level 17.0 Unarmed Combat
 * Level 6.6 Evocations
 * Level 9.8 Shapeshifting


You had 14 spell levels left.
You didn't know any spells.
Your spell library was empty.

Dungeon Overview and Level Annotations

Branches:
Dungeon (13/15)            Temple (0/1) D:5            Lair (5/5) D:9
  Swamp (0/4) Lair:2        Snake (1/4) Lair:3        Slime (0/5) Lair:5
    Orc (1/2) D:11         Bailey (visited)         Gauntlet (visited)
 Vaults: D:13-14

Altars:
Fedhas
Hepliaklqana
Makhleb
Nemelex Xobeh
Okawaru
Qazlal
Ru
Sif Muna
Vehumet
Wu Jian
Zin
The Shining One
Jiyva
Lugonu

Shops:
D:1 (   D:2 (   D:5 [   D:6 (   D:8 =

Portals:
Abyss: Lair:5


Innate Abilities, Weirdness & Mutations

You are a hulking beast.
Your limbs bulge with bestial killing power. (Slay +4)
You are too large for most types of armour.
You have claws for hands.
Your natural rate of healing is unusually fast.
You are covered in fur. (AC +1)
You have tough skin. (AC +1)


Message History

You are too injured to fight recklessly!
You are too injured to fight recklessly!
You are too injured to fight recklessly!
You are too injured to fight recklessly!
Unknown command.
Unknown command.
You're still recovering from your berserk rage.
Unknown command.
You scratch the skeletal warrior.
The skeletal warrior is heavily damaged.
The skeletal warrior barely misses you. The skeletal warrior misses you.
The skeletal warrior hits you with a +0 scimitar.
Unknown command.
Unknown command.
Your two-headed ogre goes berserk!
You feel yourself speed up.
The skeletal warrior closely misses you.
The skeletal warrior hits you from afar with a +0 glaive!
The skeletal warrior hits you with a +0 scimitar!
* * * LOW HITPOINT WARNING * * *
Unknown command.
Unknown command.
Unknown command.
Unknown command.
Unknown command.
The skeletal warrior attacks as it pursues you!
The skeletal warrior hits you with a +0 scimitar!!
* * * LOW HITPOINT WARNING * * *
The skeletal warrior attacks as it pursues you!
The skeletal warrior closely misses you.
Unknown command.
Unknown command.
Unknown command.
Your two-headed ogre hits the skeletal warrior with a +0 giant club!
Your two-headed ogre hits the skeletal warrior with a +0 giant club!!
The skeletal warrior is destroyed!
Trog accepts your kill.
The skeletal warrior attacks as it pursues you!
The skeletal warrior hits you with a +0 war axe!
You die...

#....'......#......#
#....#......#......#
#....#......#......#
#....#......#......#
######'######..#####
#......#.......#
#......#.......#
#......#.......#
#......#.....h.#
#......#....Oz.#
#......#.....).#
#########....z##
......... ..........
...........
............
.............


You could see 2 skeletal warriors and a friendly two-headed ogre (summoned,
berserk).

Vanquished Creatures
  Gastronok (Lair:2)
  An orc warlord (Bailey)
  An eleionoma (Lair:2)
  A minotaur (Gauntlet)
  3 boulder beetles
  A centaur warrior (D:13)
  A death yak (Lair:1)
  A two-headed ogre (D:10)
  Erica (D:8)
  4 thrashing horrors (Lair:5)
  Amaemon (Lair:1)
  2 skysharks
  12 skeletal warriors
  3 large abominations
  Pikel (D:6)
  A sun moth (shapeshifter) (Lair:5)
  An orc knight (Orc:1)
  2 lindwurms
  3 ugly things
  A manticore (D:11)
  2 cyclopes
  A meliai (shapeshifter) (Lair:5)
  13 elephants
  Joseph (D:9)
  3 kobold blastminers (Orc:1)
  5 black mambas
  2 smoke demons (Lair:5)
  15 cane toads
  An orange demon (Lair:1)
  A minotaur zombie (Gauntlet)
  2 torpor snails (Lair:1)
  4 rime drakes
  8 komodo dragons
  Psyche (D:12)
  2 polar bears (Lair:5)
  A tyrant leech (Gauntlet)
  A queen bee (Lair:1)
  2 trolls
  2 hornets
  Grinder (D:3)
  29 blink frogs
  2 raiju (Lair:5)
  4 slime creatures (D:13)
  Sigmund (D:5)
  A shadow (D:12)
  94 yaks
  3 ynoxinuls (Lair:5)
  Eustachio (D:6)
  5 wyverns
  9 basilisks
  A spriggan (Lair:5)
  2 steam dragons
  A chaos spawn (Lair:5)
  2 wargs (Orc:1)
  7 vampire mosquitoes
  17 water moccasins
  4 swamp worms (Gauntlet)
  5 acid dragons
  Duvessa (D:6)
  3 ice beasts
  14 orc warriors
  A sky beast (D:7)
  2 black bears (D:7)
  11 small abominations
  2 ogres
  4 centaurs
  8 wolves
  A phantom (D:5)
  A kobold brigand (D:7)
  13 bullfrogs
  A scorpion (D:6)
  4 wights (D:7)
  Dowan (D:6)
  34 killer bees
  6 howler monkeys
  A bombardier beetle (D:4)
  A crimson imp (D:7)
  3 hounds
  10 orc priests
  3 gnoll boudas
  2 jellies
  A sleepcap (D:6)
  2 iguanas (D:5)
  11 orc wizards
  7 adders
  13 gnolls
  4 shadow imps
  2 white imps
  3 ufetubi
  2 ribbon worms
  A dart slug (D:1)
  47 orcs
  3 ball pythons
  4 endoplasms
  4 giant cockroaches
  14 goblins
  8 hobgoblins
  2 quokkas
  10 bats
  A frilled lizard (D:3)
  22 kobolds
  5 rats
591 creatures vanquished.

Vanquished Creatures (collateral kills)
  Jorgrun (Orc:1)
  A hydra (Lair:4)
  2 skeletal warriors (D:13)
  3 elephants (Lair:4)
  3 black mambas (Lair:3)
  A troll (Orc:1)
  2 blink frogs
  A small abomination (Lair:5)
  A wyvern (Lair:4)
  3 yaks (Lair:4)
  3 water moccasins (Lair:3)
  3 orc warriors (Orc:1)
  2 wolves (Lair:4)
  2 ogres (Orc:1)
  A bullfrog (Lair:4)
  3 orc priests (Orc:1)
  3 orc wizards (Orc:1)
  7 orcs (Orc:1)
  A goblin (Bailey)
43 creatures vanquished.

Grand Total: 634 creatures vanquished

Notes
Turn   | Place    | Note
-------+----------+-------------------------------------------
     0 | D:1      | Morbidden the Troll Berserker began the quest for the Orb.
     0 | D:1      | Reached XP level 1. HP: 22/22 MP: 0/0
   204 | D:1      | Found Jaimo's Weapon Shop.
   454 | D:1      | Reached XP level 2. HP: 29/29 MP: 1/1
  1180 | D:2      | Found Zifesoir's Weapon Boutique.
  1336 | D:2      | Found a faded altar of an unknown god.
  1559 | D:2      | Reached XP level 3. HP: 36/36 MP: 2/2
  1574 | D:2      | Reached ** piety under Trog
  1602 | D:2      | Reached skill level 1 in Shapeshifting
  2445 | D:3      | Noticed Grinder
  2452 | D:3      | Paralysed by Grinder for 3 turns
  2460 | D:3      | Killed Grinder
  2461 | D:3      | Reached skill level 4 in Unarmed Combat
  2461 | D:3      | Reached XP level 4. HP: 44/45 MP: 3/3
  2461 | D:3      | Reached XP level 5. HP: 52/53 MP: 4/4
  2632 | D:4      | Reached XP level 6. HP: 43/61 MP: 5/5
  2701 | D:4      | Reached skill level 5 in Unarmed Combat
  3103 | D:4      | Found a blossoming altar of Fedhas.
  3103 | D:4      | Found a glowing silver altar of Zin.
  3583 | D:5      | Entered Level 5 of the Dungeon
  3677 | D:5      | Found a staircase to the Ecumenical Temple.
  3758 | D:5      | Reached skill level 6 in Unarmed Combat
  3758 | D:5      | Reached XP level 7. HP: 66/67 MP: 6/6
  3781 | D:5      | Noticed a steam dragon
  3788 | D:5      | Killed a steam dragon
  3900 | D:5      | Reached *** piety under Trog
  3903 | D:5      | Found an iron altar of Okawaru.
  4007 | D:5      | Found Olajiguj's Antique Armour Emporium.
  4020 | D:5      | Reached skill level 7 in Unarmed Combat
  4020 | D:5      | Reached XP level 8. HP: 74/75 MP: 7/7
  4058 | D:5      | Identified the ring of the Morning {Str+3 Int+6}
  4118 | D:5      | Noticed Sigmund
  4127 | D:5      | Killed Sigmund
  4240 | D:6      | Noticed Eustachio
  4263 | D:6      | Killed Eustachio
  4324 | D:5      | Bought an ancient cloak for 294 gold pieces
  4324 | D:5      | Identified the +1 cloak of the Other Side {SInv} (You
                  | bought it in a shop on level 5 of the Dungeon)
  4459 | D:6      | Found a stormy altar of Qazlal.
  4480 | D:6      | Noticed Dowan
  4481 | D:6      | Noticed Duvessa
  4486 | D:6      | Killed Dowan
  4487 | D:6      | Reached skill level 8 in Unarmed Combat
  4493 | D:6      | Killed Duvessa
  4494 | D:6      | Reached skill level 1 in Stealth
  4723 | D:6      | Noticed Pikel
  4733 | D:6      | Killed Pikel
  4734 | D:6      | Reached skill level 9 in Unarmed Combat
  4734 | D:6      | Reached skill level 1 in Evocations
  4734 | D:6      | Reached XP level 9. HP: 76/84 MP: 8/8
  4781 | D:6      | Found Wuhuav's Antique Weapon Boutique.
  4787 | D:6      | Reached skill level 5 in Dodging
  4901 | D:6      | Found a sparkling altar of Nemelex Xobeh.
  5143 | D:7      | Found a hazy altar of Hepliaklqana.
  5291 | D:7      | Found a flagged portal.
  5303 | Bailey   | Entered a bailey
  5308 | Bailey   | Noticed an orc warlord
  5318 | Bailey   | Reached **** piety under Trog
  5419 | Bailey   | Found a runed translucent gate.
  5419 | Bailey   | Found a runed translucent gate.
  5486 | Bailey   | Found a runed translucent gate.
  5559 | Bailey   | Reached skill level 10 in Unarmed Combat
  5721 | Bailey   | Killed an orc warlord
  5722 | Bailey   | Reached XP level 10. HP: 94/94 MP: 9/9
  5755 | Bailey   | Identified the +6 rapier of Duty {protect, rPois rC+ rN+
                  | Dex+3}
  5758 | Bailey   | Acquired a manual of Evocations
  5893 | D:7      | Paralysed by a hornet for 1 turns
  5898 | D:7      | Reached skill level 1 in Throwing
  6002 | D:7      | Found a shimmering blue altar of Sif Muna.
  6009 | D:7      | Reached skill level 11 in Unarmed Combat
  6096 | D:7      | Found a glowing golden altar of the Shining One.
  6098 | D:7      | Found a burning altar of Makhleb.
  6964 | D:8      | Found Wilotol's Jewellery Shoppe.
  7008 | D:8      | Noticed Erica
  7078 | D:8      | Killed Erica
  7079 | D:8      | Reached skill level 5 in Fighting
  7079 | D:8      | Reached skill level 5 in Shapeshifting
  7554 | D:8      | Found a sacrificial altar of Ru.
  7740 | D:8      | You fall into a shaft and drop 2 floors!
  7740 | D:10     | Entered Level 10 of the Dungeon
  7874 | D:10     | Noticed a two-headed ogre
  7890 | D:10     | Killed a two-headed ogre
  7957 | D:10     | Found an ornate altar of the Wu Jian Council.
  7973 | D:10     | Reached XP level 11. HP: 93/104 MP: 10/10
  8007 | D:10     | Reached skill level 12 in Unarmed Combat
  8518 | D:9      | Found a radiant altar of Vehumet.
  8539 | D:9      | Noticed Joseph
  8546 | D:9      | Killed Joseph
  8547 | D:9      | Reached skill level 5 in Evocations
  9381 | D:9      | Found a staircase to the Lair.
 10300 | Lair:1   | Entered Level 1 of the Lair of Beasts
 10360 | Lair:1   | Noticed Amaemon
 10371 | Lair:1   | Reached skill level 13 in Unarmed Combat
 10379 | Lair:1   | Killed Amaemon
 10455 | Lair:1   | You fall into a shaft and drop 1 floor!
 10475 | Lair:2   | Reached XP level 12. HP: 114/114 MP: 11/11
 10482 | Lair:2   | Reached skill level 1 in Armour
 10484 | Lair:2   | Reached ***** piety under Trog
 10540 | Lair:2   | Noticed Gastronok
 10550 | Lair:2   | Killed Gastronok
 10663 | Lair:2   | Found a staircase to the Swamp.
 10663 | Lair:2   | Noticed an eleionoma
 10675 | Lair:2   | Killed an eleionoma
 10968 | Lair:1   | Noticed a death yak
 10983 | Lair:1   | Killed a death yak
 11293 | Lair:1   | Reached skill level 5 in Throwing
 11490 | Lair:1   | Reached skill level 14 in Unarmed Combat
 11797 | D:8      | Bought a granite talisman for 900 gold pieces
 12259 | Lair:2   | Reached XP level 13. HP: 61/123 MP: 9/12
 12752 | Lair:3   | Found a staircase to the Snake Pit.
 12898 | Lair:3   | Received a gift from Trog
 13946 | Snake:1  | Entered Level 1 of the Snake Pit
 14116 | Lair:4   | Reached skill level 15 in Unarmed Combat
 14758 | Lair:4   | Received a gift from Trog
 15128 | Lair:5   | Entered Level 5 of the Lair of Beasts
 15217 | Lair:5   | Reached XP level 14. HP: 102/135 MP: 10/13
 15237 | Lair:5   | Found a gate leading to a gauntlet.
 15265 | Gauntlet | Entered a Gauntlet
 15265 | Gauntlet | Found a transporter.
 15347 | Gauntlet | Found a transporter.
 15367 | Gauntlet | Found a transporter.
 15368 | Gauntlet | Found a transporter.
 15387 | Gauntlet | Found a transporter.
 15400 | Gauntlet | Found a transporter.
 15403 | Gauntlet | Found a transporter.
 15407 | Gauntlet | Found a transporter.
 15437 | Gauntlet | Found a transporter.
 15437 | Gauntlet | Found a transporter.
 15439 | Gauntlet | Found a runed translucent gate.
 15439 | Gauntlet | Found a runed translucent gate.
 15445 | Gauntlet | Found a transporter.
 15451 | Gauntlet | Found a runed translucent gate.
 15486 | Gauntlet | Found a transporter.
 15570 | Gauntlet | Identified the ring of Duahasun {Will+ Str+3}
 15725 | Gauntlet | Identified the +5 dagger "Ekopler" {freeze, Int+3 Dex+2}
 15725 | Gauntlet | Identified the ring "Xuephidd" {Str+6 Int+5}
 16343 | Lair:5   | Found a staircase to the Slime Pits.
 16411 | Lair:5   | Reached skill level 16 in Unarmed Combat
 16442 | Lair:5   | Found a viscous altar of Jiyva.
 16822 | Lair:5   | Found a corrupted altar of Lugonu.
 16822 | Lair:5   | Found a one-way gate to the infinite horrors of the Abyss.
 16940 | Lair:5   | Received a gift from Trog
 17616 | D:11     | Found a staircase to the Orcish Mines.
 18608 | Orc:1    | Entered Level 1 of the Orcish Mines
 18741 | Orc:1    | Reached skill level 5 in Armour
 18745 | Orc:1    | Noticed Jorgrun
 18756 | Orc:1    | Killed Jorgrun
 18757 | Orc:1    | Reached XP level 15. HP: 120/145 MP: 11/14
 18782 | Orc:1    | Found a burning altar of Makhleb.
 19055 | D:12     | Noticed Psyche
 19063 | D:12     | Killed Psyche
 20389 | D:13     | Reached skill level 17 in Unarmed Combat
 20654 | D:13     | Slain by a skeletal warrior

Illustrated notes

Levels and vault maps discovered:
D:1:      wheals_arrival_linesprint, layout_basic, serial_co_window_serial,
          co_window_of_opportunity_a, co_window_paths_a, co_window_corner_a,
          co_window_corner_a, co_window_paths_a, co_window_paths_a,
          co_window_of_opportunity_b, co_window_of_opportunity_b,
          co_window_of_opportunity_b, co_window_broadway_a,
          co_window_of_opportunity_b, co_window_paths_d, glass_columns_a,
          serial_shops, shop
D:2:      layout_basic, serial_shops, nicolae_shop_real_fake_doors,
          hellmonk_ecumenical_altar_crossroads
D:3:      layout_loops_ring, uniq_grinder
D:4:      layout_loops_corners, grunt_temple_overflow_open, serial_demonic,
          serial_demonic_d, serial_demonic_a, serial_demonic_b,
          serial_demonic_e, hangedman_decor_slide_cut, minmay_vboxes
D:5:      layout_basic, okawaru_ov_weapons_minmay, minmay_temple_entry_junction,
          serial_shops, nicolae_shop_peninsula, uniq_sigmund
D:6:      minmay_klotski, layout_basic, old_standard_altar,
          mainiacjoe_overflow_tiny_flanked, serial_shops, nicolae_shop_crystal,
          uniq_eustachio, uniq_pikel, uniq_duvessa
D:7:      layout_loops_corners, lemuel_crystal_altar,
          nicolae_overflow_hidden_temple, nicolae_hepliaklqana_hazy_memory,
          enter_bailey_3, minmay_fire_ice_demons
D:8:      layout_layer_cave, kennysheep_little_box, serial_shops,
          nicolae_square_shop, serial_bayou_pond_d, minmay_small_thing,
          uniq_erica
D:9:      layout_roguey, nicolae_vehumet_radiance, erik_lair_dragon,
          serial_library_hellmonk_u_bend, uniq_joseph
D:10:     layout_small_grid, nicolae_wu_jian_wuxing_cycle, minivault_11
D:11:     layout_basic, david_orc_2, serial_corexii_hall,
          corexii_hall_statues_i, corexii_hall_statues_l,
          corexii_hall_statues_i, corexii_hall_statues_u
D:12:     layout_cave_pools, uniq_psyche
D:13:     layout_grid_maze
Lair:1:   layout_roguey [special_room_bee], uniq_amaemon
Lair:2:   layout_roguey, alex1729_swamp_entry_worm_eleionoma, uniq_gastronok
Lair:3:   layout_roguey, minmay_snake_entry_six_corridors
Lair:4:   layout_cave_pods, grunt_megastairs_4, infiniplex_staircase_pool_2
Lair:5:   hellmonk_lair_end_abyssal_woods, layout_cave_pods, slime_entry_1,
          gauntlet_entry_generic
Snake:1:  layout_cave_shapes, ebering_ghost_reflecting_pool, drop_trap,
          uniq_aizul
Orc:1:    layout_diamond_mine, basic_altar, uniq_jorgrun

Skill      XL: |  1  2  3  4  5  6  7  8  9 10 11 12 13 14 15 |
---------------+----------------------------------------------+-----
Shapeshifting  | 2 3 4 5 6 7 8 9 |  9.8
Fighting       | 3 4 5 6 7 8 |  8.8
Dodging        | 3 4 5 6 7 8 |  8.6
Unarmed Combat | 4 6 7 9 10 11 13 14 15 16 17 | 17.0
Stealth        | 1 2 3 |  3.4
Evocations     | 1 2 4 5 6 |  6.6
Throwing       | 2 3 5 6 8 |  8.4
Armour         | 3 4 5 |  5.2

Action                     |  1- 3 |  4- 6 |  7- 9 | 10-12 | 13-15 || total
---------------------------+-------+-------+-------+-------+-------++-------
  Melee: Unarmed           |    97 |    67 |   170 |   565 |   731 ||  1630
         Punch             |       |     2 |    10 |    49 |    62 ||   123
         Constrict         |       |       |       |       |     9 ||     9
  Throw: Stone             |       |       |    14 |    11 |    18 ||    43
         Dart              |       |       |     2 |       |       ||     2
         Boomerang         |       |       |       |       |     5 ||     5
         Large rock        |       |       |       |       |     4 ||     4
 Invoke: Berserk           |     1 |     1 |     5 |    13 |     9 ||    29
         Trog's Hand       |     1 |       |     1 |     4 |     2 ||     8
         Brothers in Arms  |       |       |     1 |     1 |     6 ||     8
  Evoke: Sack of spiders   |       |       |       |     2 |     2 ||     4
         Wand              |       |       |       |     2 |     4 ||     6
    Use: Scroll            |       |       |    15 |    13 |     3 ||    31
         Potion            |       |       |       |     1 |     3 ||     4
   Stab: Sleeping          |       |     2 |     2 |     6 |     4 ||    14
         Distracted        |       |       |     1 |       |       ||     1
 Armour: Animal skin       |    53 |    55 |    23 |       |       ||   131
         Robe              |       |       |    73 |   215 |       ||   288
         Acid dragon scale |       |       |       |   227 |   458 ||   685
         Skin              |       |       |       |     1 |    65 ||    66
         Troll leather arm |       |       |       |       |    75 ||    75
  Dodge: Dodged            |    57 |    41 |    72 |   320 |   385 ||   875
   Form: Beast             |     1 |       |       |       |     1 ||     2
         Serpent           |       |       |       |       |     1 ||     1

Table legend: (Time is in decaauts)
 A = Elapsed time spent in this place.
 B = Non-inter-level travel time spent in this place.
 C = Inter-level travel time spent in this place.
 D = Time resting spent in this place.
 E = Time spent auto-exploring this place.
 F = Levels seen in this place.
 G = Mean time per level.
                   A        B        C        D        E       F      G
               +--------+--------+--------+--------+--------+-----+--------+
         Total |  20577 |  19005 |   1572 |   1961 |  13442 |  22 |  935.3 |
       Dungeon |  12886 |  11658 |   1228 |    802 |   8955 |  13 |  991.2 |
          Lair |   6195 |   5866 |    329 |    915 |   3785 |   5 | 1239.0 |
     Snake Pit |      4 |      4 |      0 |      0 |      0 |   1 |    4.0 |
  Orcish Mines |    402 |    387 |     15 |      0 |    294 |   1 |  402.0 |
        Bailey |    458 |    458 |      0 |     75 |    100 |   1 |  458.0 |
      Gauntlet |    629 |    629 |      0 |    168 |    308 |   1 |  629.0 |
               +--------+--------+--------+--------+--------+-----+--------+

Top non-repeatable levels by time:
  Lair:5: 1499 daAuts
     D:8: 1494 daAuts
     D:9: 1431 daAuts
  Lair:3: 1251 daAuts
  Lair:1: 1233 daAuts
  Lair:4: 1145 daAuts
     D:6: 1144 daAuts
     D:1: 1135 daAuts
     D:7: 1091 daAuts
  Lair:2: 1066 daAuts
    D:11: 1029 daAuts
     D:4: 981 daAuts
    D:13: 915 daAuts
    D:10: 827 daAuts
     D:2: 785 daAuts
